 Dungeon Crawl Stone Soup version 0.31-a0-981-geadf994542 (webtiles) character file.

Game seed: 197378128316997646

44 Xavori the Trooper (level 3, 0/30 HPs)
             Began as a Djinni Chaos Knight on Nov 1, 2023.
             Was a Plaything of Xom.
             Slain by a gnoll
             ... wielding a +0 halberd
              (3 damage)
             ... on level 2 of the Dungeon.
             The game lasted 00:00:48 (4816 turns).

Xavori the Trooper (Djinni Chaos Knight)            Turns: 4816, Time: 00:00:49

Health: 0/30       AC:  5    Str: 11    XL:     3   Next: 85%
Gold:   19         EV: 12    Int: 13    God:    Xom [*.....] SH:  0 Dex: 14

rFire   + + .        a - +0 falchion (chaos)
rCold   x . .        (no shield)
rNeg    . . .        b - +2 leather armour
rPois   ∞            (no helmet)
rElec   .            (no cloak)
rCorr   .            (no gloves)
SInv    .            (boots unavailable)
Will    +....        (no amulet)
Stlth   +            (no ring)
HPRegen 0.25/turn    (no ring)
MPRegen 0.00/turn

%: infuse magic (-1 HP)
@: flying
A: sickness immunity, fire resistance 2, cold vulnerability 1, float, innate
caster, HP casting, extra vitality 1, strong-willed 1, sense surroundings 1,
subdued magic 1
a: Renounce Religion


You were on level 2 of the Dungeon.
You worshipped Xom.
You were a special plaything of Xom.
You visited 1 branch of the dungeon, and saw 2 of its levels.

You collected 19 gold pieces.

Inventory:

Hand Weapons
 a - a +0 falchion of chaos (weapon)
Armour
 b - a +2 leather armour (worn)
Scrolls
 c - a scroll of butterflies
 e - a scroll of noise {unknown}
 f - 2 scrolls of teleportation {unknown}
 h - a scroll of immolation {unknown}
Potions
 d - a potion of curing {unknown}
 g - a potion of might {unknown}
 i - a potion of heal wounds {unknown}


   Skills:
 + Level 3.2 Fighting
 + Level 3.0 Long Blades
 + Level 1.5 Armour
 + Level 2.6 Dodging
 * Level 1.0 Spellcasting
 * Level 1.0 Conjurations
 * Level 1.0 Hexes
   Level 0.0 Charms
 * Level 1.0 Summonings
 * Level 1.0 Necromancy
 * Level 1.0 Translocations
 * Level 1.0 Transmutations
 * Level 1.0 Fire Magic
 * Level 1.0 Ice Magic
 * Level 1.0 Air Magic
 * Level 1.0 Earth Magic
 * Level 1.0 Poison Magic


You knew the following spells:

 Your Spells              Type           Power      Damage    Failure   Level
a - Slow                  Hex            8%         N/A       21%         1
Your spell library was empty.

Dungeon Overview and Level Annotations

Branches:
Dungeon (2/15)

Altars:


Innate Abilities, Weirdness & Mutations

You are immune to sickness and miasma.
You are immune to poison.
Your flesh is very heat resistant. (rF++)
You are vulnerable to cold. (rC-)
You float through the air rather than walking.
You learn spells naturally, not from books.
Your magical power is your life essence.
You have superior vitality. (+4 MHP)
You are strong-willed. (Will+)
You passively map a small area around you.
Your spells are a little easier to cast, but a little less powerful.


Message History

You barely miss the gnoll.
The gnoll is severely wounded.
Your warg closely misses the gnoll.
The endoplasm barely misses you. The gnoll closely misses you.
You hit the gnoll. You freeze the gnoll.
You kill the gnoll!
The gnoll closely misses you.
The gnoll hits you from afar with a +0 halberd!
* * * LOW HITPOINT WARNING * * *
The endoplasm freezes you.
You are frozen!
You feel a terrible chill!
* * * LOW HITPOINT WARNING * * *
Your warg bites the endoplasm!
The endoplasm dies!
Unknown command.
A kobold comes into view. It is wielding a +0 club.
The kobold shouts!
Your warg bites the gnoll!
The gnoll dies!
You feel your dexterity returning.
Your Long Blades skill increases to level 3!
Your Spellcasting skill increases to level 1!
Your Conjurations skill increases to level 1!
Your Hexes skill increases to level 1!
Your Summonings skill increases to level 1!
Your Necromancy skill increases to level 1!
Your Translocations skill increases to level 1!
Your Transmutations skill increases to level 1!
Your Fire Magic skill increases to level 1!
Your Ice Magic skill increases to level 1!
Your Air Magic skill increases to level 1!
Your Earth Magic skill increases to level 1!
Your Poison Magic skill increases to level 1!
Unknown command.
Your warg bites the gnoll!
The gnoll dies!
The gnoll attacks as it pursues you!
The gnoll hits you from afar with a +0 halberd.
You die... "It was about time."

...# #..* ##.##.#.. ,
,.... #.# #........*
...###.####<..##.# , ##
.................# * ,
...
###..........#.##..*
....#..............#,
,..................>...
,
**#......<.).......#..
#....@.gh).........#
#....#.#............ ,
#.##.....##.......## ,
, * #
*#.....#....##..., ,
#....###.#..# ...*
,#...## , ...., * , ,
#..K .... , ##.. , , ,
,, ,


You could see a gnoll and a friendly warg (summoned).

Vanquished Creatures
  A gnoll (D:2)
  A worm (D:2)
  A dart slug (D:1)
  A goblin (D:1)
  3 hobgoblins (D:1)
  2 kobolds (D:1)
  2 quokkas (D:1)
  A bat (D:1)
  7 rats
19 creatures vanquished.

Vanquished Creatures (collateral kills)
  2 gnolls (D:2)
  An endoplasm (D:2)
3 creatures vanquished.

Grand Total: 22 creatures vanquished

Notes
Turn   | Place    | Note
-------+----------+-------------------------------------------
     0 | D:1      | Xavori the Djinni Chaos Knight began the quest for the Orb.
     0 | D:1      | Reached XP level 1. HP: 20/20 MP: 0/0
    36 | D:1      | XOM: silly message
    69 | D:1      | Reached XP level 2. HP: 25/25 MP: 0/0
   791 | D:2      | Reached XP level 3. HP: 18/30 MP: 0/0
   791 | D:2      | Learned a level 1 spell: Slow
  1401 | D:1      | XOM: cloud trail
  2049 | D:1      | XOM is BORED!
  2282 | D:1      | XOM: noise
  2439 | D:1      | XOM: stat loss: -1 Dex (13/14)
  2649 | D:1      | XOM: give mutations
  2649 | D:1      | Gained mutation: You passively map a small area around you.
                  | [Xom's mischief]
  2649 | D:1      | Gained mutation: Your spells are a little easier to cast,
                  | but a little less powerful. [Xom's mischief]
  2654 | D:1      | XOM: summons 2 hostile demons
  2655 | D:1      | Noticed a chaos spawn
  2655 | D:1      | Noticed a sun demon
  3022 | D:1      | XOM: noise
  3970 | D:1      | XOM: give mutation
  3970 | D:1      | Gained mutation: You are strong-willed. (Will+) [Xom's
                  | mischief]
  4731 | D:1      | XOM: summons 3 hostile shadow creatures
  4811 | D:2      | XOM: cast spell 'Call Canine Familiar'
  4816 | D:2      | Reached skill level 1 in Spellcasting
  4816 | D:2      | Reached skill level 1 in Conjurations
  4816 | D:2      | Reached skill level 1 in Hexes
  4816 | D:2      | Reached skill level 1 in Summonings
  4816 | D:2      | Reached skill level 1 in Necromancy
  4816 | D:2      | Reached skill level 1 in Translocations
  4816 | D:2      | Reached skill level 1 in Transmutations
  4816 | D:2      | Reached skill level 1 in Fire Magic
  4816 | D:2      | Reached skill level 1 in Ice Magic
  4816 | D:2      | Reached skill level 1 in Air Magic
  4816 | D:2      | Reached skill level 1 in Earth Magic
  4816 | D:2      | Reached skill level 1 in Poison Magic
  4816 | D:2      | Slain by a gnoll

Illustrated notes

Levels and vault maps discovered:
D:1:      ncdulo_watergridlock, layout_basic
D:2:      layout_rooms, uniq_natasha, uniq_crazy_yiuf_cottage

Skill      XL: |  1  2  3 |
---------------+----------+-----
Long Blades    | 3 |  3.0
Spellcasting   | 1 |  1.0
Conjurations   | 1 |  1.0
Hexes          | 1 |  1.0
Summonings     | 1 |  1.0
Necromancy     | 1 |  1.0
Translocations | 1 |  1.0
Transmutations | 1 |  1.0
Fire Magic     | 1 |  1.0
Ice Magic      | 1 |  1.0
Air Magic      | 1 |  1.0
Earth Magic    | 1 |  1.0
Poison Magic   | 1 |  1.0
Fighting       | |  3.2
Armour         | |  1.5
Dodging        | |  2.6

Action                     || total
---------------------------++-------
  Melee: Falchion          ||    45
 Armour: Leather armour    ||    21
  Dodge: Dodged            ||    34

Table legend: (Time is in decaauts)
 A = Elapsed time spent in this place.
 B = Non-inter-level travel time spent in this place.
 C = Inter-level travel time spent in this place.
 D = Time resting spent in this place.
 E = Time spent auto-exploring this place.
 F = Levels seen in this place.
 G = Mean time per level.
                   A        B        C        D        E       F      G
               +--------+--------+--------+--------+--------+-----+--------+
         Total |   4825 |   4795 |     30 |   3996 |    660 |   2 | 2412.5 |
       Dungeon |   4825 |   4795 |     30 |   3996 |    660 |   2 | 2412.5 |
               +--------+--------+--------+--------+--------+-----+--------+

Top non-repeatable levels by time:
     D:1: 4418 daAuts
     D:2: 406 daAuts
